Map: Sequencer LE

Players

Kelazhur - Winner!

  • Race: Terran Terran
  • Spawn Location: 1:00

HateMe

  • Race: Zerg Zerg
  • Spawn Location: 7:00

Event: WCS Valencia 2017

VOD

Have the link to the VOD?

Description

Time

  • Played on: July 13, 2017, 12:53 p.m.
  • Length: 10:39

All games in this series

Show
View Real Time Build Order
Export as new Build Order

Kelazhur Terran - Winner!

Build Orders: MMM Bio 

Get SALT Encoding   

  12  0:00  SCV  
  13  0:12  SCV  
  14  0:17  Supply Depot  
  14  0:25  SCV  
  15  0:38  SCV  
  15  0:40  Barracks  
  16  0:45  Refinery  
  16  0:50  SCV  
  17  1:00  Barracks  
  17  1:03  SCV  
  18  1:15  SCV  
  19  1:21  Barracks  
  19  1:27  Reaper  
  20  1:33  Refinery  
  20  1:43  Orbital Command  
  20  1:47  Reaper  
  21  1:56  Supply Depot  
  21  2:01  Reaper  
  22  2:10  Reaper  
  23  2:17  SCV  
  23  2:19  Reaper  
  25  2:26  Supply Depot  
  25  2:29  SCV  
  26  2:33  Reaper  
  27  2:41  SCV  
  27  2:42  Reaper  
  29  2:52  Reaper  
  29  2:53  SCV  
  31  2:59  Supply Depot  
  31  3:05  SCV, Reaper  
  33  3:18  Reaper  
  34  3:20  SCV  
  34  3:24  Reaper  
  36  3:27  Command Center  
  36  3:40  Reaper  
  36  3:41  SCV  
  38  3:55  Reaper  
  39  3:59  Reaper  
  39  4:01  SCV  
  41  4:04  Supply Depot  
  39  4:13  Reaper  
  39  4:17  SCV  
  39  4:21  Command Center  
  40  4:27  Reaper  
  40  4:36  Reaper  
  39  4:39  SCV  
  39  4:43  Orbital Command  
  39  4:45  Reaper  
  40  4:51  SCV  
  37  5:00  Reaper  
  37  5:03  SCV  
  37  5:05  Factory  
  39  5:08  Barracks, Reaper  
  39  5:09  Refinery  
  39  5:10  SCV  
  39  5:11  Refinery  
  41  5:15  SCV, Barracks  
  41  5:27  SCV, Reaper  
  42  5:28  SCV  
  42  5:32  Reaper  
  43  5:39  SCV  
  43  5:40  SCV, Reaper  
  43  5:41  Orbital Command  
  46  5:48  Engineering Bay x2  
  46  5:51  SCV  
  46  5:52  SCV  
  48  6:01  Barracks Tech Lab  
  48  6:02  Barracks Tech Lab  
  48  6:03  SCV  
  48  6:04  Barracks Reactor, SCV  
  49  6:06  Barracks Reactor  
  49  6:07  SCV  
  51  6:13  Barracks Reactor  
  51  6:14  Terran Infantry Weapons Level 1  
  51  6:15  SCV  
  51  6:16  Terran Infantry Armor Level 1  
  51  6:17  SCV  
  53  6:19  SCV  
  52  6:26  Marine  
  52  6:27  SCV  
  52  6:28  Marine  
  54  6:35  Combat Shields  
  54  6:36  Stimpack  
  54  6:37  SCV  
  56  6:40  Marine  
  56  6:41  Marine  
  56  6:45  Starport, Factory Reactor  
  57  6:50  Orbital Command  
  57  6:51  SCV, Marine x3  
  57  6:52  Marine x2  
  57  6:53  SCV  
  64  6:57  Marine, Supply Depot  
  64  6:58  Marine, Supply Depot  
  64  7:00  Marine  
  67  7:03  SCV  
  67  7:05  SCV, Armory  
  69  7:09  Marine x3  
  69  7:10  Marine  
  69  7:11  Marauder  
  76  7:15  SCV, Marine  
  76  7:17  Marine x2  
  76  7:20  SCV x2  
  81  7:27  SCV, Supply Depot  
  81  7:29  Marine x2  
  84  7:31  Medivac  
  84  7:32  Marauder, SCV x2, Factory Reactor  
  90  7:39  SCV, Supply Depot  
  90  7:41  Marauder, Marine x2  
  90  7:44  SCV  
  96  7:45  Medivac  
  96  7:49  SCV  
  96  7:50  Supply Depot  
  99  7:51  Supply Depot  
  99  7:52  SCV, Marine x2  
  99  7:56  Marauder, SCV  
  105  8:01  SCV  
  105  8:04  SCV, Medivac  
  109  8:07  Marauder, Marine x3  
  109  8:08  Marine  
  109  8:10  Marine  
  109  8:12  Terran Infantry Weapons Level 2  
  116  8:15  Medivac  
  116  8:18  Widow Mine x2  
  116  8:19  Marine  
  125  8:20  Marauder  
  125  8:25  Marine, Supply Depot  
  125  8:28  Supply Depot  
  125  8:32  Marauder  
  126  8:35  Marine  
  126  8:36  Marine, Medivac  
  126  8:41  Refinery  
  130  8:43  Barracks  
  130  8:44  Barracks  
  130  8:46  Marine x2, Widow Mine x2  
  136  8:53  Marauder, Marine x3  
  140  8:55  Medivac  
  140  9:01  Marine  
  143  9:05  Marine  
  144  9:16  Marine  
  147  9:17  Marauder, Medivac  
  149  9:26  Supply Depot  
  149  9:27  Supply Depot  
  149  9:32  Factory  
  149  9:34  Supply Depot  
  149  9:40  Barracks Reactor, Barracks Tech Lab  
  149  9:47  Marine x6, SCV x2  
  149  9:48  Widow Mine x2  
  149  9:49  Marauder x2  
  165  9:56  Medivac  
  165  10:02  Medivac  
  165  10:05  Marine  
  168  10:07  Marine x3  
  168  10:10  Marauder  
  173  10:19  Marine  
  173  10:21  Marine  
  171  10:34  Command Center  
Show
View Real Time Build Order
Export as new Build Order

HateMe Zerg 

Build Orders: Hatch First 

Get SALT Encoding   

  12  0:03  Drone  
  13  0:13  Overlord  
  13  0:17  Drone  
  14  0:31  Drone  
  14  0:32  Drone  
  16  0:36  Drone  
  17  0:52  Hatchery  
  17  0:55  Drone  
  17  0:58  Drone  
  17  1:01  Extractor  
  17  1:14  Spawning Pool  
  17  1:18  Drone  
  17  1:20  Drone  
  18  1:30  Drone  
  19  1:41  Drone  
  20  1:51  Drone  
  21  2:01  Overlord  
  21  2:03  Queen  
  21  2:04  Queen  
  21  2:06  Metabolic Boost  
  25  2:09  Zergling x2  
  25  2:13  Zergling x2  
  27  2:16  Drone  
  28  2:28  Drone x2  
  30  2:34  Spore Crawler  
  29  2:37  Overlord  
  29  2:41  Queen  
  31  2:47  Queen  
  33  2:52  Zergling x4  
  35  2:58  Zergling x2  
  35  2:59  Zergling x4  
  38  3:06  Zergling x2  
  38  3:10  Zergling x2  
  38  3:19  Zergling x8  
  40  3:23  Queen x2  
  43  3:32  Overlord  
  42  3:35  Zergling x2  
  42  3:44  Zergling x4  
  43  3:50  Zergling x2  
  43  3:51  Zergling x2  
  41  4:06  Zergling x12  
  46  4:14  Hatchery  
  40  4:18  Zergling x4  
  40  4:20  Queen  
  41  4:34  Zergling x16  
  43  4:43  Queen  
  42  4:46  Zergling x4  
  43  4:59  Drone  
  43  5:00  Drone x2  
  43  5:03  Drone  
  45  5:07  Drone  
  45  5:12  Queen  
  48  5:17  Drone  
  46  5:21  Drone  
  46  5:22  Drone  
  46  5:29  Queen x2  
  46  5:32  Drone x2  
  51  5:38  Overlord  
  51  5:40  Drone x2  
  51  5:47  Zergling x6  
  54  5:53  Zergling x2  
  54  5:54  Zergling x2  
  56  5:59  Drone x5  
  56  6:02  Extractor  
  58  6:10  Drone  
  60  6:11  Drone  
  60  6:12  Drone  
  61  6:28  Drone x6  
  64  6:34  Evolution Chamber  
  64  6:35  Evolution Chamber  
  64  6:38  Zergling x12  
  66  6:56  Overlord  
  66  7:04  Zerg Ground Armor Level 1, Zerg Melee Weapons Level 1  
  66  7:06  Overlord  
  66  7:07  Overlord x2  
  66  7:09  Overlord  
  66  7:15  Drone  
  66  7:16  Drone x7  
  66  7:22  Overlord  
  74  7:24  Lair  
  74  7:26  Drone  
  74  7:32  Baneling Nest  
  73  7:45  Overlord  
  73  7:55  Drone x8  
  73  7:57  Extractor, Overlord  
  80  7:59  Extractor x2, Zergling x14  
  80  8:04  Zergling x6  
  88  8:08  Zergling x6  
  91  8:13  Drone x3  
  91  8:15  Hatchery  
  92  8:22  Centrifical Hooks  
  92  8:26  Drone x5  
  97  8:33  Overlord  
  96  8:34  Baneling  
  96  8:35  Baneling x9, Zergling x2  
  96  8:36  Zergling x2  
  96  8:40  Zergling x8  
  102  8:46  Zergling x8  
  106  8:50  Zergling x2  
  106  8:51  Zergling x4  
  108  8:56  Overseer  
  108  9:02  Baneling x4  
  108  9:03  Baneling x9, Zergling x2  
  108  9:04  Zergling x8  
  108  9:05  Zergling x2  
  111  9:21  Overlord x2  
  111  9:22  Overlord  
  111  9:24  Drone x6  
  112  9:27  Drone x3  
  112  9:28  Zergling x4  
  122  9:37  Hatchery  
  121  9:39  Spire  
  121  9:40  Zergling x8  
  124  9:46  Extractor  
  106  10:07  Zergling x2  
  106  10:08  Zergling x26  
  113  10:17  Zergling x2  
  113  10:18  Zergling x8  
Tags
 
Add a new tag
Caveats
  • Supply blocks, unpowered buildings, or Contaminate may cause inaccurate times.
  • Supply counts are checked every 10 seconds.